 Dungeon Crawl Stone Soup version 0.28-a0-828-g0121872642 (webtiles) character file.

Game seed: 16631155561306339038

71 ytrimaz the Chopper (level 4, -3/34 HPs)
             Began as a Demonspawn Gladiator on Nov 10, 2021.
             Slain by a gnoll (6 damage)
             ... on level 2 of the Dungeon.
             The game lasted 00:01:53 (1084 turns).

ytrimaz the Chopper (Demonspawn Gladiator)          Turns: 1084, Time: 00:01:53

Health: -3/34      AC:  4    Str: 15    XL:     4   Next: 5%
Magic:  4/4        EV: 12    Int: 10    God:
Gold:   53         SH:  0    Dex: 14    Spells: 3/3 levels left

rFire   . . .      SeeInvis .   a - +0 war axe (vorpal)
rCold   . . .      Faith    .   (no shield)
rNeg    . . .      Spirit   .   b - +0 leather armour
rPois   .          Reflect  .   c - +0 helmet
rElec   .          Harm     .   (no cloak)
rCorr   .          Rampage  .   (no gloves)
Will    .....                   (no boots)
Stlth   +.........              (no amulet)
HPRegen 0.11/turn               (no ring)
MPRegen 0.09/turn               (no ring)

@: no status effects
A: hooves 1, powered by death 1
a: no special abilities


You were on level 2 of the Dungeon.
You visited 1 branch of the dungeon, and saw 2 of its levels.

You collected 53 gold pieces.

Inventory:

Hand Weapons
 a - a +0 vorpal war axe (weapon)
Missiles
 d - 3 throwing nets (quivered)
Armour
 b - a +0 leather armour (worn)
 c - a +0 helmet (worn)
Scrolls
 e - 3 scrolls of identify
 f - a scroll of enchant weapon


   Skills:
 * Level 2.4 Fighting
 + Level 3.4 Axes
 - Level 1.7 Throwing
 * Level 1.6 Armour
 + Level 3.1 Dodging


You had 3 spell levels left.
You didn't know any spells.
Your spell library contained the following spells:

 Spells                   Type           Power      Damage    Failure   Level
 Passwall                 Tmut/Erth      0%         N/A       56%         2
 Gell's Gravitas          Tloc           0%         N/A       80%         3
 Lesser Beckoning         Tloc           0%         N/A       80%         3
 Swiftness                Air            0%         N/A       80%         3
 Teleport Other           Tloc           0%         N/A       80%         3


Dungeon Overview and Level Annotations

Branches:
Dungeon (2/15)

Altars:


Innate Abilities, Weirdness & Mutations

You have large cloven feet.
You regenerate a little health from kills.


Message History

A jackal comes into view.
Found a fuming puce potion.
You see here a rat corpse.
The jackal barks!
A jackal comes into view.
The gnoll barely misses you.
An endoplasm comes into view.
The jackal moves out of view.
A gnoll comes into view. It is wielding a +0 whip.
The gnoll shouts!
The gnoll hits you with a +0 spear. x2; The gnoll moves out of view.
You hit the gnoll. You kick the gnoll.
The gnoll is heavily wounded.
You hit the gnoll. The gnoll closely misses you.
The gnoll hits you but does no damage. The gnoll hits you with a +0 spear.
Unknown command.
You hit the gnoll.
The gnoll is heavily wounded.
You hit the gnoll but do no damage. The gnoll hits you with a +0 spear. x2
You hit the gnoll.
You kill the gnoll!
You closely miss the gnoll. The gnoll hits you with a +0 spear.
The gnoll hits you with a +0 spear!
* * * LOW HITPOINT WARNING * * *
You have reached level 4!
You feel clever.
Unknown command.
You aren't carrying any potions.
Unknown command.
You aren't carrying any potions.
You aren't carrying any potions.
You aren't carrying any potions.
You aren't carrying any potions.
You aren't carrying any potions.
Okay, then.
The jackal barely misses you. The jackal completely misses you.
The gnoll closely misses you. The gnoll barely misses you.
The gnoll hits you from afar with a +0 spear.
You die...

..####.#.#...#...
#h. ............
#[# ##.#.#.###.#.
##†# #..#...# #...
#..###.#....# ##.#
#...).....#.###..#
#.hg.#...<..._..##
#h.g..............
#@##.............†
#....#.........#..
#..###.........#..
##..##..#######...>
##...##..# #..#.#
#....##..# #....#
#...###.## #.####
#..## #.# ##.# #.[#
### #..#


You could see 2 gnolls and 3 jackals.

Vanquished Creatures
  A gnoll (D:2)
  An adder (D:2)
  2 dart slugs
  3 endoplasms
  5 giant cockroaches
  3 goblins
  4 hobgoblins
  6 jackals
  3 ball pythons
  6 bats
  A frilled lizard (D:1)
  5 kobolds
  5 rats
45 creatures vanquished.

Notes
Turn   | Place    | Note
-------+----------+-------------------------------------------
     0 | D:1      | ytrimaz the Demonspawn Gladiator began the quest for the
                  | Orb.
     0 | D:1      | Reached XP level 1. HP: 16/16 MP: 1/1
    38 | D:1      | Gained mutation: You regenerate a little health from kills.
                  | [demonic ancestry]
    38 | D:1      | Reached XP level 2. HP: 11/22 MP: 2/2
   484 | D:1      | Reached skill level 1 in Armour
   484 | D:1      | Gained mutation: You have large cloven feet. [demonic
                  | ancestry]
   484 | D:1      | Reached XP level 3. HP: 27/27 MP: 3/3
   776 | D:2      | Found a faded altar of an unknown god.
  1082 | D:2      | Reached XP level 4. HP: 3/34 MP: 4/4
  1084 | D:2      | Slain by a gnoll

Illustrated notes

Levels and vault maps discovered:
D:1:      dpeg_arrival_tiny_a, layout_loops_ring, st_stairs_14
D:2:      layout_rooms, basic_ecumenical_altar

Skill      XL: |  1  2 |
---------------+-------+-----
Axes           | 3 |  3.4
Dodging        | 3 |  3.1
Armour         | 1 |  1.6
Fighting       | |  2.4
Throwing       | |  1.7

Action                   |  1- 3 |  4- 6 || total
-------------------------+-------+-------++-------
Melee: War axe           |   120 |       ||   120
       Kick              |    14 |       ||    14
  Use: Scroll            |     4 |       ||     4
 Stab: Sleeping          |     1 |       ||     1
Armor: Leather armour    |    58 |       ||    58
Dodge: Dodged            |   112 |     4 ||   116

Table legend: (Time is in decaauts)
 A = Elapsed time spent in this place.
 B = Non-inter-level travel time spent in this place.
 C = Inter-level travel time spent in this place.
 D = Time resting spent in this place.
 E = Time spent auto-exploring this place.
 F = Levels seen in this place.
 G = Mean time per level.
                   A        B        C        D        E       F      G
               +--------+--------+--------+--------+--------+-----+--------+
         Total |   1125 |   1083 |     42 |     51 |    685 |   2 |  562.5 |
       Dungeon |   1125 |   1083 |     42 |     51 |    685 |   2 |  562.5 |
               +--------+--------+--------+--------+--------+-----+--------+

Top non-repeatable levels by time:
     D:1: 802 daAuts
     D:2: 322 daAuts
